 Dungeon Sprint DCSS version 0.30-a0-738-g116ff8c4af (webtiles) character file.

Game seed: 8398623333015094638

0 sircluck the Firebug (level 1, -1/10 HPs)
             Began as a Deep Elf Fire Elementalist on Feb 3, 2023.
             Slain by Ijyb
             ... wielding a +0 dagger
              (4 damage)
             ... in the Dungeon (Sprint I: "Red Sonja").
             The game lasted 00:00:53 (28 turns).

sircluck the Firebug (Deep Elf Fire Elementalist)     Turns: 28, Time: 00:00:53

Health: -1/10      AC:  2    Str:  5    XL:     1   Next: 0%
Magic:  4/6        EV: 12    Int: 19    God:
Gold:   0          SH:  0    Dex: 15    Spells: 5/6 levels left

rFire   . . .      SeeInvis .    (no weapon)
rCold   . . .      Faith    .    (no shield)
rNeg    . . .      Spirit   .    a - +0 robe
rPois   .          Reflect  .    (no helmet)
rElec   .          Harm     .    (no cloak)
rCorr   .          Rampage  .    (no gloves)
Will    .....      NoTele   +    (no boots)
Stlth   ++                       (no amulet)
HPRegen 0.21/turn                (no ring)
MPRegen 0.10/turn                (no ring)

@: no status effects
A: no striking features
a: no special abilities


You were in the Dungeon.
You visited 1 branch

Inventory:

Armour
 a - a +0 robe (worn)
Scrolls
 g - a scroll of blinking
Potions
 b - 3 potions of magic
 d - a potion of heal wounds
 e - a potion of haste
 f - a potion of berserk rage


   Skills:
 - Level 2.4 Dodging
 - Level 2.4 Stealth
 + Level 3.0 Spellcasting
 - Level 1.1 Conjurations
 - Level 3.2 Fire Magic


You had 5 spell levels left.
You knew the following spells:

 Your Spells              Type           Power      Damage    Failure   Level
a - Foxfire               Conj/Fire      44%        2x1d6     6%          1

Your spell library contained the following spells:

 Spells                   Type           Power      Damage    Failure   Level
 Scorch                   Fire           30%        2d6       6%          2
 Inner Flame              Hex/Fire       9%         N/A       24%         3
 Kindle Blastsparks       Fire/Tloc/Air  14%        2d11      28%         3
 Flame Wave               Conj/Fire      11%        2d6       52%         4


Dungeon Overview and Level Annotations

Branches:
Dungeon (1/1)

Altars:

Annotations:
D Ijyb


Message History

The foxfire hits Ijyb but does no damage.
Ijyb is lightly wounded.
The foxfire hits Ijyb but does no damage.
Ijyb is lightly wounded.
Ijyb hits you but does no damage.
You're too confused to cast spells.
Unknown command.
You bump into the stone wall.
Ijyb zaps a wand.
You resist with significant effort.
Ijyb zaps a wand.
Your will is overpowered!
You are more confused.
There is a staircase leading out of the dungeon here.
You're too confused to move!
Ijyb hits you with a +0 dagger.
* * * LOW HITPOINT WARNING * * *
You hit Ijyb but do no damage.
Ijyb is lightly wounded.
Ijyb closely misses you.
You bump into the rock wall.
Ijyb closely misses you.
There is an open door here.
You miss Ijyb.
Ijyb is lightly wounded.
Ijyb zaps a wand.
You resist with significant effort.
You bump into the rock wall.
Ijyb hits you with a +0 dagger.
* * * LOW HITPOINT WARNING * * *
You feel better. Ijyb hits you with a +0 dagger.
You barely miss Ijyb.
Ijyb zaps a wand.
Your will is overpowered!
You are confused.
You hit Ijyb but do no damage.
Ijyb zaps a wand.
You resist with significant effort.
You bump into the rock wall.
Ijyb misses you.
You hit Ijyb but do no damage. Ijyb hits you with a +0 dagger.
You bump into the rock wall.
Ijyb hits you with a +0 dagger.
* * * LOW HITPOINT WARNING * * *
You are too injured to fight recklessly!
You hit Ijyb but do no damage. Ijyb barely misses you.
You hit Ijyb but do no damage.
You feel less confused. Ijyb hits you with a +0 dagger.
You die...

#######
#<.#..+
#..g@.#
#..####
#..#
#..#
#..#
#⌠⌠#
####


You could see Ijyb.

Vanquished Creatures (others)
  7 foxfires (D)
7 creatures vanquished.

Notes
Turn   | Place    | Note
-------+----------+-------------------------------------------
     0 | D        | sircluck the Deep Elf Fire Elementalist began the quest for
                  | the Orb.
     0 | D        | Reached XP level 1. HP: 10/10 MP: 6/6
     2 | D        | Noticed Ijyb
    28 | D        | Slain by Ijyb

Illustrated notes

Levels and vault maps discovered:
D:        dungeon_sprint_1 [red_sonja_temple_1, red_sonja_temple_small_1]

Action                     || total
---------------------------++-------
  Melee: Unarmed           ||     7
   Cast: Foxfire           ||     4
    Use: Potion            ||     1
 Armour: Robe              ||     1
  Dodge: Dodged            ||     4

Table legend: (Time is in decaauts)
 A = Elapsed time spent in this place.
 B = Non-inter-level travel time spent in this place.
 C = Inter-level travel time spent in this place.
 D = Time resting spent in this place.
 E = Time spent auto-exploring this place.
 F = Levels seen in this place.
 G = Mean time per level.
                   A        B        C        D        E       F      G
               +--------+--------+--------+--------+--------+-----+--------+
         Total |     28 |     28 |      0 |      0 |      0 |   1 |   28.0 |
       Dungeon |     28 |     28 |      0 |      0 |      0 |   1 |   28.0 |
               +--------+--------+--------+--------+--------+-----+--------+

Top non-repeatable levels by time:
       D: 28 daAuts
